NCAA
IOWA STATE CYCLONES @ PENN STATE NITTANY LIONS
05/17/2027
 
TOP OF THE 1ST
Iowa State Cyclones batting - Pitching for Penn State Nittany Lions : RHP Britt McQueen
Pitching: RHP Britt McQueen
Batting: RHB José Acuña 0-0: Ground out 4-3 (Groundball, 4)
Batting: RHB Robert Snyder 0-0: Ball
1-0: Swinging Strike
1-1: Ball
2-1: Ball
3-1: Base on Balls
Batting: LHB Mike O'Bryan 0-0: Ball
1-0: Ball
2-0: Swinging Strike
2-1: Swinging Strike
2-2: Strikes out swinging
Batting: RHB Shane Marshall 0-0: SINGLE (Flyball, 8LS)
Robert Snyder to second
Batting: LHB Ángel Pérez 0-0: Ball
1-0: Foul Ball, location: 2F
1-1: Ball
2-1: Ball
3-1: Base on Balls
Robert Snyder to third
Shane Marshall to second
Batting: RHB Paco Camacho 0-0: Called Strike
0-1: Ball
1-1: SINGLE (Groundball, 56D)
Robert Snyder scores
Shane Marshall to third
Ángel Pérez to second
Runner from 3rd tries for Home, SAFE, throw made at trailing runner, SAFE at third!
Batting: RHB Paul Teague 0-0: Called Strike
0-1: Swinging Strike
0-2: Fielders Choice at 2nd, 5-4 (Groundball, 56)
Top of the 1st over - 2 run(s), 2 hit(s), 0 error(s), 1 left on base; Iowa State 2 - Penn State 0
BOTTOM OF THE 1ST
Penn State Nittany Lions batting - Pitching for Iowa State Cyclones : LHP Ron Sosa
Pitching: LHP Ron Sosa
Batting: RHB Kip Murphy 0-0: Called Strike
0-1: Ball
1-1: SINGLE (Groundball, 6MD)
Batting: LHB Ángel Santos Pickoff Throw to First - Error! E1
Kip Murphy to second
0-0: Ball
1-0: Swinging Strike
1-1: Ball
2-1: Called Strike
2-2: Foul Ball, location: 2F
2-2: Foul Ball, location: 2F
2-2: Strikes out looking
Batting: LHB Gary Lynn 0-0: Ball
1-0: Called Strike
1-1: Ball
Kip Murphy steals 3rd base
2-1: Ball
3-1: Base on Balls
Batting: RHB Larry Crawford 0-0: Ball
1-0: Ball
2-0: Ball
3-0: Called Strike
3-1: Swinging Strike
3-2: Strikes out swinging
Gary Lynn is caught stealing 2nd base
Batter strikes out.
Bottom of the 1st over - 0 run(s), 1 hit(s), 1 error(s), 1 left on base; Iowa State 2 - Penn State 0
TOP OF THE 2ND
Iowa State Cyclones batting - Pitching for Penn State Nittany Lions : RHP Britt McQueen
Batting: SHB Dan Stone 0-0: Foul Ball, location: 2F
0-1: Ball
1-1: Swinging Strike
1-2: Ball
2-2: Ground out 6-3 (Groundball, 6M)
Batting: RHB Russell Cook 0-0: Ball
1-0: Foul Ball, location: 2F
1-1: Ball
2-1: SINGLE (Groundball, 34) (infield hit)
Batting: RHB José Acuña 0-0: Called Strike
0-1: Ball
1-1: Reached on error, E5 (Groundball, 5)
Russell Cook to second
Batting: RHB Robert Snyder 0-0: Ball
1-0: Called Strike
1-1: Ball
2-1: Grounds into double play, 5-4-3 (Groundball, 56)
Top of the 2nd over - 0 run(s), 1 hit(s), 1 error(s), 1 left on base; Iowa State 2 - Penn State 0
BOTTOM OF THE 2ND
Penn State Nittany Lions batting - Pitching for Iowa State Cyclones : LHP Ron Sosa
Batting: LHB Bryan Peña 0-0: Ball
1-0: Foul Ball, location: 2F
1-1: Foul Ball, location: 2F
1-2: Ball
2-2: Ball
3-2: Base on Balls
Batting: LHB James Macías 0-0: Ball
1-0: Ball
2-0: Called Strike
2-1: SINGLE (Groundball, 34D)
Bryan Peña to second
Runner from 2nd tries for 3rd, SAFE, throw made to third
James Macías to second
Batting: RHB José Rodríguez 0-0: Called Strike
0-1: Ball
1-1: Ball
2-1: Ball
3-1: Called Strike
3-2: Foul Ball, location: 2F
3-2: Foul Ball, location: 2F
3-2: Base on Balls
Batting: RHB Mike Caldwell 0-0: Called Strike
0-1: Ball
1-1: Foul Ball, location: 2F
1-2: Ball
2-2: Foul Ball, location: 2F
2-2: Foul Ball, location: 2F
2-2: Ball
3-2: Base on Balls
Bryan Peña scores
James Macías to third
José Rodríguez to second
Batting: RHB Ron Hale 0-0: Ball
1-0: Ball
Wild Pitch!
James Macías scores
José Rodríguez to third
Mike Caldwell to second
2-0: Fly out, F7 (Flyball, 7)
Runner from 3rd tags up, SCORES, no throw
Batting: RHB Kip Murphy 0-0: SINGLE (Line Drive, 8LS)
Mike Caldwell to third
Runner from 3rd tries for Home, SAFE, throw made home
Kip Murphy to second
Batting: LHB Ángel Santos 0-0: Ball
1-0: Foul Ball, location: 2F
1-1: Ground out 1-3 (Groundball, 13)
Kip Murphy to third
Batting: LHB Gary Lynn 0-0: Swinging Strike
0-1: Called Strike
0-2: Ball
1-2: Ball
2-2: Strikes out looking
Bottom of the 2nd over - 4 run(s), 2 hit(s), 0 error(s), 1 left on base; Iowa State 2 - Penn State 4
TOP OF THE 3RD
Iowa State Cyclones batting - Pitching for Penn State Nittany Lions : RHP Britt McQueen
Batting: LHB Mike O'Bryan 0-0: Called Strike
0-1: Reached on error, E6 (Groundball, 6)
Batting: RHB Shane Marshall 0-0: Ball
1-0: Swinging Strike
1-1: Fly out, F3 (Popup, 3S)
Batting: LHB Ángel Pérez 0-0: Ball
1-0: SINGLE (Groundball, 6D)
Mike O'Bryan to second
Batting: RHB Paco Camacho 0-0: SINGLE (Groundball, 56S) (infield hit)
Mike O'Bryan to third
Ángel Pérez to second
Batting: RHB Paul Teague 0-0: Ball
1-0: Called Strike
1-1: Ball
2-1: Grounds into double play, 6-4-3 (Groundball, 6)
Top of the 3rd over - 0 run(s), 2 hit(s), 1 error(s), 2 left on base; Iowa State 2 - Penn State 4
BOTTOM OF THE 3RD
Penn State Nittany Lions batting - Pitching for Iowa State Cyclones : LHP Ron Sosa
Batting: RHB Larry Crawford 0-0: Ball
1-0: Fly out, F8 (Flyball, 89M)
Batting: LHB Bryan Peña 0-0: Called Strike
0-1: Called Strike
0-2: Strikes out swinging
Batting: LHB James Macías 0-0: Ball
1-0: Foul Ball, location: 2F
1-1: Ball
2-1: Swinging Strike
2-2: Hit by Pitch
Batting: RHB José Rodríguez 0-0: Ball
1-0: Swinging Strike
1-1: Ball
2-1: Ball
3-1: Foul Ball, location: 2F
3-2: Strikes out swinging
Bottom of the 3rd over - 0 run(s), 0 hit(s), 0 error(s), 1 left on base; Iowa State 2 - Penn State 4
TOP OF THE 4TH
Iowa State Cyclones batting - Pitching for Penn State Nittany Lions : RHP Britt McQueen
Batting: SHB Dan Stone 0-0: Ball
1-0: Ball
2-0: Ball
3-0: Base on Balls
Batting: RHB Russell Cook 0-0: Ball
1-0: Called Strike
1-1: Foul Ball, location: 2F
1-2: Foul Ball, location: 2F
1-2: Ball
2-2: Foul Ball, location: 2F
2-2: Foul Ball, location: 2F
2-2: Fly out, F6 (Popup, 5D)
Batting: RHB José Acuña 0-0: Fly out, F9 (Flyball, 89M)
Batting: RHB Robert Snyder 0-0: Called Strike
0-1: Called Strike
0-2: Ball
1-2: Foul Ball, location: 2F
1-2: Ball
2-2: Strikes out swinging
Top of the 4th over - 0 run(s), 0 hit(s), 0 error(s), 1 left on base; Iowa State 2 - Penn State 4
BOTTOM OF THE 4TH
Penn State Nittany Lions batting - Pitching for Iowa State Cyclones : LHP Ron Sosa
Batting: RHB Mike Caldwell 0-0: Ball
1-0: Called Strike
1-1: Called Strike
1-2: SINGLE (Groundball, 4D)
Batting: RHB Ron Hale 0-0: Ball
1-0: Ball
2-0: Called Strike
2-1: Ground out U3 (Groundball, 23)
Mike Caldwell to second
Pitching: LHP Bob Wallace
Batting: RHB Kip Murphy 0-0: Ball
1-0: Swinging Strike
1-1: Swinging Strike
1-2: Ball
2-2: Foul Ball, location: 2F
2-2: Foul Ball, location: 2F
2-2: Ball
3-2: Foul Ball, location: 2F
3-2: Base on Balls
Batting: LHB Ángel Santos 0-0: Called Strike
0-1: Swinging Strike
0-2: Grounds into double play, 6-4-3 (Groundball, 6)
Bottom of the 4th over - 0 run(s), 1 hit(s), 0 error(s), 1 left on base; Iowa State 2 - Penn State 4
TOP OF THE 5TH
Iowa State Cyclones batting - Pitching for Penn State Nittany Lions : RHP Britt McQueen
Batting: LHB Mike O'Bryan 0-0: Called Strike
0-1: Foul Ball, location: 2F
0-2: Ball
1-2: Hit by Pitch
Batting: RHB Shane Marshall 0-0: Ball
1-0: Ball
2-0: Called Strike
2-1: Ball
3-1: Swinging Strike
3-2: Strikes out swinging
Pitching: LHP Júlio Bustamante
Batting: LHB Ángel Pérez 0-0: Called Strike
0-1: Ball
1-1: Ball
2-1: Foul Ball, location: 2F
2-2: Ball
Mike O'Bryan steals 2nd base
3-2: Foul Ball, location: 2F
3-2: SINGLE (Groundball, 34D)
Mike O'Bryan to third
Runner from 3rd tries for Home, SAFE, no throw
Batting: RHB Paco Camacho 0-0: Grounds into double play, 5-4-3 (Groundball, 56)
Top of the 5th over - 1 run(s), 1 hit(s), 0 error(s), 0 left on base; Iowa State 3 - Penn State 4
BOTTOM OF THE 5TH
Penn State Nittany Lions batting - Pitching for Iowa State Cyclones : LHP Bob Wallace
Batting: LHB Gary Lynn 0-0: Called Strike
0-1: Swinging Strike
0-2: Foul Ball, location: 2F
0-2: Ball
1-2: Ball
2-2: Foul Ball, location: 2F
2-2: Foul Ball, location: 2F
2-2: SINGLE (Line Drive, 8LS)
Batting: RHB Larry Crawford 0-0: Called Strike
0-1: Ball
1-1: Ball
2-1: Fly out, F9 (Flyball, 9S)
Batting: LHB Bryan Peña 0-0: Ball
Gary Lynn is caught stealing 2nd base
1-0: Ball
2-0: Ball
3-0: Called Strike
3-1: Base on Balls
Batting: LHB James Macías 0-0: SINGLE (Line Drive, 9S)
Bryan Peña to second
Runner from 2nd tries for 3rd, SAFE, throw made to third
James Macías to second
Batting: RHB José Rodríguez 0-0: Ball
1-0: Ball
2-0: Ball
3-0: Base on Balls
Batting: RHB Mike Caldwell 0-0: Ball
1-0: Foul Ball, location: 2F
1-1: Ball
2-1: SINGLE (Flyball, 8LS)
Bryan Peña scores
James Macías to third
José Rodríguez to second
Runner from 3rd tries for Home, SAFE, no throw
Batting: RHB Ron Hale 0-0: Ball
1-0: Called Strike
1-1: Ball
2-1: Swinging Strike
2-2: Strikes out swinging
Bottom of the 5th over - 2 run(s), 3 hit(s), 0 error(s), 2 left on base; Iowa State 3 - Penn State 6
TOP OF THE 6TH
Iowa State Cyclones batting - Pitching for Penn State Nittany Lions : LHP Júlio Bustamante
Batting: RHB Paul Teague 0-0: Ball
1-0: Ball
2-0: Ball
3-0: Called Strike
3-1: Base on Balls
Batting: SHB Dan Stone 0-0: Ball
1-0: Called Strike
1-1: Ball
2-1: Ball
3-1: Base on Balls
Paul Teague to second
Batting: RHB Russell Cook 0-0: Called Strike
0-1: Foul Ball, location: 2F
0-2: Foul Ball, location: 2F
0-2: Strikes out looking
Batting: RHB José Acuña 0-0: Ball
1-0: Ball
2-0: Ball
3-0: Base on Balls
Paul Teague to third
Dan Stone to second
Batting: RHB Robert Snyder 0-0: Foul Ball, location: 2F
0-1: Fly out, F8 (Flyball, 8RD)
Runner from 3rd tags up, SCORES, no throw
Batting: LHB Mike O'Bryan 0-0: Fly out, F7 (Flyball, 7LM)
Top of the 6th over - 1 run(s), 0 hit(s), 0 error(s), 2 left on base; Iowa State 4 - Penn State 6
BOTTOM OF THE 6TH
Penn State Nittany Lions batting - Pitching for Iowa State Cyclones : LHP Bob Wallace
Pitching: RHP Glen Davis
Batting: RHB Kip Murphy 0-0: Ball
1-0: Hit by Pitch
Batting: LHB Ángel Santos 0-0: Ball
Kip Murphy is caught stealing 2nd base
1-0: Ground out 5-3 (Groundball, 56)
Batting: LHB Gary Lynn 0-0: Called Strike
0-1: Ball
1-1: Ball
2-1: Foul Ball, location: 2F
2-2: Foul Ball, location: 2F
2-2: Strikes out swinging
Bottom of the 6th over - 0 run(s), 0 hit(s), 0 error(s), 0 left on base; Iowa State 4 - Penn State 6
TOP OF THE 7TH
Iowa State Cyclones batting - Pitching for Penn State Nittany Lions : LHP Júlio Bustamante
Batting: RHB Shane Marshall 0-0: Called Strike
0-1: Ball
1-1: SINGLE (Line Drive, 8RM)
Batting: LHB Ángel Pérez 0-0: Fly out, F7 (Flyball, 7S)
Batting: RHB Paco Camacho 0-0: Ball
1-0: Ball
2-0: Called Strike
2-1: Grounds into double play, 6-4-3 (Groundball, 6M)
Top of the 7th over - 0 run(s), 1 hit(s), 0 error(s), 0 left on base; Iowa State 4 - Penn State 6
BOTTOM OF THE 7TH
Penn State Nittany Lions batting - Pitching for Iowa State Cyclones : RHP Glen Davis
Batting: RHB Larry Crawford 0-0: Called Strike
0-1: Ball
1-1: Ground out 1-3 (Groundball, 13)
Batting: LHB Bryan Peña 0-0: Ball
1-0: Ball
2-0: Foul Ball, location: 2F
2-1: Ball
3-1: Fly out, F4 (Line Drive, 4M)
Batting: LHB James Macías 0-0: Ball
1-0: Called Strike
1-1: Fly out, F4 (Popup, 4D)
Bottom of the 7th over - 0 run(s), 0 hit(s), 0 error(s), 0 left on base; Iowa State 4 - Penn State 6
TOP OF THE 8TH
Iowa State Cyclones batting - Pitching for Penn State Nittany Lions : LHP Júlio Bustamante
Batting: RHB Paul Teague 0-0: Ground out 4-3 (Groundball, 4)
Batting: SHB Dan Stone 0-0: Foul Ball, location: 2F
0-1: Ball
1-1: Called Strike
1-2: Ground out 5-3 (Groundball, 5D)
Batting: RHB Russell Cook 0-0: Ball
1-0: Ball
2-0: Ball
3-0: Called Strike
3-1: Base on Balls
Pitching: RHP Hugh Hale
Batting: RHB José Acuña 0-0: Swinging Strike
0-1: Ball
1-1: Swinging Strike
1-2: Strikes out swinging
Top of the 8th over - 0 run(s), 0 hit(s), 0 error(s), 1 left on base; Iowa State 4 - Penn State 6
BOTTOM OF THE 8TH
Penn State Nittany Lions batting - Pitching for Iowa State Cyclones : RHP Glen Davis
Batting: RHB José Rodríguez 0-0: Ball
1-0: Foul Ball, location: 2F
1-1: Ball
2-1: Ball
3-1: Foul Ball, location: 2F
3-2: Base on Balls
Batting: RHB Mike Caldwell 0-0: Ball
1-0: Bunted foul
1-1: Ball
2-1: Bunted foul
2-2: Strikes out swinging
Batting: RHB Ron Hale 0-0: Ball
José Rodríguez is caught stealing 2nd base
1-0: Swinging Strike
1-1: Foul Ball, location: 2F
1-2: Strikes out swinging
Bottom of the 8th over - 0 run(s), 0 hit(s), 0 error(s), 0 left on base; Iowa State 4 - Penn State 6
TOP OF THE 9TH
Iowa State Cyclones batting - Pitching for Penn State Nittany Lions : RHP Hugh Hale
Pitching: LHP Rick Johnson
Batting: RHB Robert Snyder 0-0: Called Strike
0-1: Ball
1-1: Swinging Strike
1-2: Ball
2-2: Strikes out looking
Batting: LHB Mike O'Bryan 0-0: Called Strike
0-1: Ball
1-1: Ball
2-1: Foul Ball, location: 2F
2-2: Strikes out swinging
Batting: RHB Shane Marshall 0-0: Ball
1-0: Called Strike
1-1: Ball
2-1: Called Strike
2-2: Strikes out swinging
Top of the 9th over - 0 run(s), 0 hit(s), 0 error(s), 0 left on base; Iowa State 4 - Penn State 6
Thursday, March 30th, 2017 - OOTP Baseball 17.12 Build 75